 Dungeon Crawl Stone Soup version 0.22-a0-224-g8cf3520 (webtiles) character file.

40 RoseArtemis the Chopper (level 3, -4/33 HPs)
             Began as a Draconian Berserker on Feb 19, 2018.
             Was a Follower of Trog.
             Killed from afar by Sigmund (10 damage)
             ... with a puff of flame
             ... on level 2 of the Dungeon.
             The game lasted 00:03:37 (964 turns).

RoseArtemis the Chopper (Draconian Berserker)        Turns: 964, Time: 00:03:37

Health: -4/33      AC:  5    Str: 20    XL:     3   Next: 30%
Magic:  3/3        EV: 12    Int:  7    God:    Trog [*.....]
Gold:   72         SH:  0    Dex: 10    Spells: 2/2 levels left

rFire    . . .     SeeInvis .   a - +0 hand axe
rCold    . . .     Gourm    .   (no shield)
rNeg     . . .     Faith    .   (armour unavailable)
rPois    .         Spirit   .   (helmet restricted)
rElec    .         Reflect  .   (no cloak)
rCorr    .         Harm     .   (no gloves)
MR       .....                  (no boots)
Stlth    +.........             (no amulet)
HPRegen  0.11/turn              (no ring)
MPRegen  0.08/turn              (no ring)

@: no status effects
A: unfitting armour, cold-blooded, AC +5
a: Berserk, Renounce Religion


You were on level 2 of the Dungeon.
You worshipped Trog.
Trog was aware of your devotion.
You were not hungry.

You visited 1 branch of the dungeon, and saw 2 of its levels.

You collected 72 gold pieces.

Inventory:

Hand Weapons
 a - a +0 hand axe (weapon)
 j - a +0 hunting sling
Jewellery
 h - an uncursed ring of poison resistance {unknown}
Scrolls
 c - 3 scrolls of identify {unknown}
 d - a scroll of remove curse {unknown}
 e - 2 scrolls of teleportation {unknown}
 f - a scroll of enchant armour
 g - a scroll of enchant weapon {unknown}
 i - a scroll of noise {unknown}
Comestibles
 b - 3 rations


   Skills:
 + Level 3.8 Fighting
 * Level 4.0 Axes
 - Level 2.6 Dodging


You had 2 spell levels left.
You didn't know any spells.

Dungeon Overview and Level Annotations

Branches:
Dungeon (2/15)

Altars:
Vehumet

Annotations:
D:2 Sigmund


Innate Abilities, Weirdness & Mutations

Your plain brown scales are hard. (AC +5)
You cannot fit into any form of body armour.
You are cold-blooded and may be slowed by cold attacks.


Message History

You hear some strange, mumbled words.
You are confused.
You bump into the rock wall.
Something hits you. Something burns you. Something barely misses you.
Something hits you.
* * * LOW HITPOINT WARNING * * *
Something burns you.
* * * LOW HITPOINT WARNING * * *
Something hits you but does no damage.
You feel less confused.
You barely miss something. You tail-slap something.
You hear some strange, mumbled words.
A magic dart appears from out of thin air!
The magic dart hits you!
* * * LOW HITPOINT WARNING * * *
You miss something. You tail-slap something.
You hear some strange, mumbled words.
A puff of flame appears from out of thin air!
The puff of flame hits you!
You die...

.....####..##### .......
.##### ##..### ###.#....
## #.....###.._.....
########...#.....#.#.# .
....((#....######...# ..
....(.†...........###
..# ........)..##....##
...#
..>...........######...#
.......<........@.....#
..........#....{.....##
#####..............###
#.##.#####.....# #.##.#
#........ .. ..#
##########


There were no monsters in sight!

Vanquished Creatures
  2 adders (D:2)
  2 oozes
  A giant cockroach (D:1)
  3 goblins
  A hobgoblin (D:1)
  2 kobolds (D:2)
  2 bats
  A frilled lizard (D:2)
  2 rats
16 creatures vanquished.

Notes
Turn   | Place    | Note
-------+----------+-------------------------------------------
     0 | D:1      | RoseArtemis the Draconian Berserker began the quest for the Orb.
     0 | D:1      | Reached XP level 1. HP: 19/19 MP: 1/1
   243 | D:1      | Reached XP level 2. HP: 26/26 MP: 2/2
   826 | D:2      | Reached XP level 3. HP: 33/33 MP: 3/3
   848 | D:2      | Reached skill level 4 in Axes
   918 | D:2      | Found a radiant altar of Vehumet.
   922 | D:2      | Noticed Sigmund
   964 | D:2      | Killed from afar by Sigmund

Vault maps used:
D:1:      evilmike_arrival_grusome_pit
D:2:      lightli_temple_of_fire, marbit_many_paths, lemuel_crystal_altar,
          nicolae_overflow_crystal_walls, okawaru_gym_becter, first_ration,
          uniq_sigmund

Skill      XL: |  1  2  3 |
---------------+----------+-----
Axes           | 4 |  4.0
Fighting       | |  3.8
Dodging        | |  2.6

Action                   || total
-------------------------++-------
Melee: Hand axe          ||    46
       Tailslap          ||     5
  Use: Scroll            ||     1
Armor: Skin              ||     6
Dodge: Dodged            ||    23

Table legend:
 A = Spawn XP
 B = Non-spawn XP
 C = Spawn XP percentage of total XP
 D = Spawn monster count
 E = Non-spawn monster count
 F = Spawn count percentage of total count
 G = Total turns spent on level
                    A         B        C        D         E        F      G
               +---------+---------+-------+---------+---------+-------+---------
         Total |       0 |      58 |   0.0 |       0 |      16 |   0.0 |   964
               +---------+---------+-------+---------+---------+-------+---------
           D:1 |       0 |      15 |   0.0 |       0 |       6 |   0.0 |   790
           D:2 |       0 |      43 |   0.0 |       0 |      10 |   0.0 |   174
               +---------+---------+-------+---------+---------+-------+---------
